 Dungeon Crawl Stone Soup version 0.30.0-3-ga4e48a9924 (webtiles) character file.

Game seed: 8143708656558981268

560159 KittyFluff the Slayer (level 26, -3/183 HPs)
             Began as a Gargoyle Berserker on May 5, 2023.
             Was the Champion of Trog.
             Slain by an acid blob (10 damage)
             ... while paralysed by a floating eye
             ... on level 4 of the Pits of Slime on May 7, 2023.
             The game lasted 09:01:44 (62310 turns).

KittyFluff the Slayer (Gargoyle Berserker)         Turns: 62310, Time: 09:01:45

Health: -3/183     AC: 30    Str: 38    XL:     26   Next: 61%
Magic:  20/23      EV:  2    Int:  8    God:    Trog [******]
Gold:   2068       SH:  0    Dex: 14    Spells: 25/25 levels left

rFire   + . .        j - +8 eveningstar "Tael" {heavy, Will+}
rCold   . . .        A - +0 tower shield
rNeg    + + +        a - +0 shadow dragon scales
rPois   ∞            B - +2 hat {Will+}
rElec   +            C - +2 cloak {Stlth+}
rCorr   +            e - +2 pair of gloves
SInv    .            O - +1 pair of boots
Will    +++..        n - amulet "Onio" {Drain rPois Regen+ rCorr Str+9}
Stlth   ++++++       I - ring "Piaqedob" {rElec rF+ EV+5}
HPRegen 1.30/turn    s - ring of Atoeshrue {rElec rN+++ Str+6 Int-5 Dex+6}
MPRegen 0.18/turn

%: no passive effects
@: paralysed, corroded, flying, studying Unarmed Combat
A: sickness immunity, AC +20, big wings, negative energy resistance 1,
electricity resistance, torment resistance 1, petrification resistance, talons
1, iridescent scales 1, clever 1, clumsy 2, passive freeze, weak 2
}: 3/15 runes: decaying, silver, gossamer
a: Renounce Religion, Berserk, Trog's Hand, Brothers in Arms


You were on level 4 of the Pits of Slime.
You worshipped Trog.
Trog was exalted by your worship.
You visited 9 branches of the dungeon, and saw 47 of its levels.
You also visited: Sewer, Bailey, Gauntlet and Desolation.

You collected 6888 gold pieces.
You spent 4820 gold pieces at shops.

Inventory:

Hand Weapons
 j - the +8 eveningstar "Tael" (weapon) {heavy, Will+}
   (Trog gifted it to you on level 2 of the Vaults)

   Will:      It increases your willpower.
 Q - a +9 hand crossbow of draining
Missiles
 c - 19 curare-tipped darts (quivered)
 l - 19 silver javelins
 M - 5 throwing nets
Armour
 a - +0 shadow dragon scales (worn)
 b - a +2 helmet
 e - a +2 pair of gloves (worn)
 v - quicksilver dragon scales
 w - a +2 kite shield of protection
 A - a +0 tower shield (worn)
 B - a +2 hat of willpower (worn)
 C - a +2 cloak of stealth (worn)
 G - a scarf of resistance
 H - a scarf of invisibility
 L - a +3 plate armour of fire resistance
 O - a +1 pair of boots (worn)
 X - the +6 plate armour of the Dropbear {+Blink rElec rC- SInv}
   (You bought it in a shop on level 4 of the Depths)

   rC:        It makes you vulnerable to cold.
   rElec:     It insulates you from electricity.
   SInv:      It lets you see invisible.
   +Blink:    It lets you blink.
Jewellery
 d - a ring of protection from cold
 i - a +6 ring of dexterity
 n - the amulet "Onio" (around neck) {Drain rPois Regen+ rCorr Str+9}
   (You bought it in a shop on level 1 of the Depths)

   [amulet of regeneration]

   Str:       It affects your strength (+9).
   rPois:     It protects you from poison.
   Regen:     It increases your rate of health regeneration.
   rCorr:     It protects you from acid and corrosion.
   Drain:     It drains your maximum health when unequipped.
 s - the ring of Atoeshrue (right hand) {rElec rN+++ Str+6 Int-5 Dex+6}
   (You found it on level 5 of the Vaults)

   [ring of strength]

   Str:       It affects your strength (+6).
   Int:       It affects your intelligence (-5).
   Dex:       It affects your dexterity (+6).
   rElec:     It insulates you from electricity.
   rN:        It renders you almost immune to negative energy.
 I - the ring "Piaqedob" (left hand) {rElec rF+ EV+5}
   (You found it in the Desolation of Salt)

   [ring of evasion]

   EV:        It affects your evasion (+5).
   rF:        It protects you from fire.
   rElec:     It insulates you from electricity.
 V - the amulet of Fabeipn {Reflect Int+3 SH+5}
   (You acquired it on level 10 of the Dungeon)

   [amulet of reflection]

   It reflects blocked missile attacks.
   Int:       It affects your intelligence (+3).
   SH:        It affects your SH (+5).
 Y - the ring "Jijorch" {rN+ EV+5}
   (You found it on level 3 of the Vaults)

   [ring of evasion]

   EV:        It affects your evasion (+5).
   rN:        It protects you from negative energy.
Wands
 g - a wand of flame (101)
 k - a wand of charming (55)
 o - a wand of polymorph (23)
 u - a wand of digging (33)
 D - a wand of mindburst (16)
 T - a wand of quicksilver (36)
 U - a wand of roots (33)
Scrolls
 f - 5 scrolls of torment
 m - 15 scrolls of teleportation
 q - 6 scrolls of blinking
 r - 8 scrolls of fog
 y - 8 scrolls of immolation
 F - 9 scrolls of fear
 P - 13 scrolls of enchant armour
 R - 2 scrolls of butterflies
 S - 3 scrolls of silence
 Z - 11 scrolls of poison
Potions
 h - 20 potions of curing
 p - a potion of invisibility
 x - 10 potions of might
 z - 10 potions of ambrosia
 E - 7 potions of mutation
 J - 3 potions of cancellation
 K - 4 potions of resistance
 W - 10 potions of heal wounds
Miscellaneous
 t - a phial of floods
 N - a box of beasts


   Skills:
 + Level 23.5 Fighting
 + Level 20.5 Maces & Flails
 * Level 16.8 Ranged Weapons
 + Level 2.0 Throwing
 + Level 18.8 Armour
 + Level 14.0 Dodging
 + Level 10.2 Stealth
 + Level 22.3 Shields
 + Level 4.8 Evocations


You had 25 spell levels left.
You didn't know any spells.
Your spell library was empty.

Dungeon Overview and Level Annotations

Branches:
Dungeon (15/15)            Temple (0/1) D:6            Lair (5/5) D:8
  Swamp (4/4) Lair:2       Spider (4/4) Lair:3        Slime (5/5) Lair:4
    Orc (2/2) D:11            Elf (3/3) Orc:2        Vaults (5/5) D:14
  Crypt (0/3) Vaults:3     Depths (4/4) D:15            Zot (0/5) Depths:4
  Sewer (visited)          Bailey (visited)         Desolation (visited)
Gauntlet (visited)

Altars:
Cheibriados
Dithmenos
Elyvilon
Fedhas
Gozag
Kikubaaqudgha
Nemelex Xobeh
Trog
Uskayaw
Vehumet
Xom
Yredelemnul
Zin
The Shining One

Shops:
D:1 ?   D:9 **   D:11 !   D:15 ?[   Orc:2 *(*(   Elf:1 *   Vaults:2 *
Depths:1 *:(=   Depths:3 (   Depths:4 (*:[*

Portals:
Hell: Depths:1 Depths:2 Depths:3 Depths:4
Abyss: Depths:3 Depths:4
Pandemonium: Depths:1 Depths:2 Depths:4
Ziggurat: Depths:3
Trove: D:10 (show slimy rune of Zot)

Annotations:
D:10 3 runed translucent doors, sigtrap's ghost, journeyman GnFi
Slime:5 Royal Jelly


Innate Abilities, Weirdness & Mutations

You are immune to sickness and miasma.
Your stone body is resilient. (AC +20)
You are immune to poison.
Your large and strong wings let you fly.
You resist negative energy. (rN+)
You are resistant to electric shocks. (rElec)
You are resistant to unholy torment.
You are immune to petrification.
You have sharp toenails.
You are partially covered in iridescent scales. (AC +2)
Your mind is acute. (Int +4, Str/Dex -1)
You are very clumsy. (Dex -4)
A frigid envelope surrounds you and freezes all who hurt you.
You are very weak. (Str -4)


Message History

The acid blob hits you but does no damage.
The acid blob is very cold.
The acid blob is lightly wounded.
You block the acid blob's attack. The acid blob hits you!!
* * * LOW HITPOINT WARNING * * *
You are splashed with acid.
You resist.
* * * LOW HITPOINT WARNING * * *
The acid blob is very cold.
The acid blob is lightly wounded.
The great orb of eyes closely misses you.
The floating eye gazes piercingly through you!
You suddenly lose the ability to move!
The acid blob spits acid at you.
The splash of acid hits you but does no damage.
The acid blob hits you but does no damage.
The acid blob is very cold.
The acid blob is moderately wounded.
The acid blob hits you.
* * * LOW HITPOINT WARNING * * *
You are splashed with acid.
You resist.
* * * LOW HITPOINT WARNING * * *
The acid blob is very cold.
The acid blob is lightly wounded.
The acid blob hits you!
* * * LOW HITPOINT WARNING * * *
You are splashed with acid.
You resist.
* * * LOW HITPOINT WARNING * * *
The acid blob is very cold.
The acid blob is lightly wounded.
The great orb of eyes bites you but does no damage.
The great orb of eyes is very cold.
The great orb of eyes is lightly wounded.
The acid blob hits you but does no damage.
The acid blob is very cold.
The acid blob is lightly wounded.
The acid blob hits you but does no damage.
The acid blob is very cold.
The acid blob is moderately wounded.
The acid blob hits you!
You die...

###...#..##
###.#.......###
#.......#..##.##
..............#
#.#.........##
##............#
##..........#.##
#....GJ......## ##
##...@J......#
##.###...JJG.....##
#........<...#..##
#...............#
#...............###
##...#.......#....#
##...###..........
##.## ##.......^#
### #.......##


You could see 4 acid blobs, a great orb of eyes and a floating eye.

Vanquished Creatures
  Dissolution (Slime:4)
  A dread lich (Vaults:5)
  Mara (Depths:2)
  Vv (Depths:2)
  4 golden dragons
  Nikola (Vaults:1)
  2 bone dragons (Depths:3)
  Arachne (Spider:3)
  2 doom hounds (Depths:3)
  Rupert (Lair:3)
  2 tentacled monstrosities (Vaults:5)
  A lich (Vaults:5)
  Grunn (Depths:3)
  3 deep elf master archers (Elf:3)
  Frances (Spider:1)
  3 deep elf blademasters (Elf:3)
  2 sphinxes
  A quicksilver dragon (Vaults:5)
  A walking frostbound tome (Depths:2)
  11 acid blobs
  4 titans (Vaults:5)
  The ghost of Ricegish the Blocker, an adept GnFi of Okawaru (Swamp:4)
  3 thorn hunters
  5 storm dragons
  4 shadow dragons
  4 tengu reavers
  4 rockslimes
  7 azure jellies
  Donald (Vaults:2)
  Roxanne (Elf:2)
  An azure jelly (shapeshifter) (Depths:3)
  6 fire giants
  A draconian knight (Depths:4)
  A fenstrider witch (Swamp:4)
  10 frost giants
  4 emperor scorpions
  9 deep elf sorcerers
  Aizul (Spider:3)
  5 ghost moths
  19 vault wardens
  2 imperial myrmidons (Desolation)
  3 orc warlords
  4 iron dragons
  Louise (Depths:3)
  A draconian shifter (Depths:4)
  7 deep elf elementalists (Elf:3)
  2 ghouls (Swamp:4)
  19 ironbound preservers
  8 quicksilver oozes
  A broodmother (Spider:3)
  A reaper (Depths:3)
  3 war gargoyles
  4 ironbound thunderhulks
  12 stone giants
  24 very ugly things
  5 deep elf demonologists
  Nessos (Orc:2)
  A yellow draconian (Depths:4)
  3 vampire knights
  3 halazid warlocks (Desolation)
  A black draconian (Depths:4)
  11 bunyips
  A minotaur (Gauntlet)
  2 eleionomae
  13 deep elf annihilators
  A red draconian (Depths:4)
  12 spark wasps
  6 dire elephants
  A crystal guardian (Desolation)
  3 fire dragons
  16 ettins
  A green death (Depths:4)
  5 entropy weavers
  Josephine (Swamp:1)
  7 deep elf death magi
  19 yaktaur captains
  12 great orbs of eyes
  2 shambling mangroves (Swamp:4)
  6 deep elf high priests
  7 ragged hierophants (Desolation)
  A rakshasa (Depths:2)
  3 servants of whispers (Desolation)
  A hell beast (Gauntlet)
  11 ice dragons
  2 ogre magi
  25 vault guards
  2 radroaches
  9 peacekeepers
  5 spriggan air magi
  5 ironbound frosthearts
  A ghost crab (Swamp:4)
  14 hydras
  A jorogumo (Spider:1)
  2 catoblepae (Lair:3)
  6 alligators
  40 dancing weapons
  5 two-headed ogres
  9 centaur warriors
  10 boulder beetles
  8 deep troll shamans
  11 death yaks
  5 tengu warriors
  12 deep troll earth magi
  14 spriggan berserkers
  Urug (Orc:1)
  2 orc high priests
  11 hell knights
  Sonja (Lair:2)
  3 soul eaters (Depths:4)
  2 shock serpents (shapeshifter)
  19 deep elf knights
  A sixfirhy (Depths:4)
  A death drake (Gauntlet)
  A shadow wraith (Vaults:5)
  7 pharaoh ants
  A skyshark (Lair:5)
  11 skeletal warriors
  3 spriggan druids
  3 sun moths
  17 iron trolls
  63 deep trolls
  4 orb spiders
  10 swamp dragons
  2 flayed ghosts
  6 bog bodies
  2 glowing orange brains
  10 deep elf archers
  12 lindwurms
  4 harpies (Vaults:2)
  Pikel (D:4)
  9 ironbound convokers
  17 deep elf zephyrmancers
  2 spectral hydras (Swamp:4)
  7 wizards
  9 orc knights
  A harpy (shapeshifter) (Depths:2)
  2 phantasmal warriors (Vaults:5)
  5 steelbarb worms
  34 deep elf pyromancers
  9 shining eyes
  36 ugly things
  2 necromancers
  4 oklob plants
  9 orc sorcerers
  14 wolf spiders
  A tengu skeleton (Vaults:3)
  A cyclops (shapeshifter) (Vaults:3)
  6 cyclopes
  6 will-o-the-wisps
  A salamander (D:15)
  3 moths of wrath
  A moth of wrath (shapeshifter) (Depths:2)
  A stone giant skeleton (Vaults:3)
  12 elephants
  15 vault sentinels
  3 manticores
  3 guardian serpents (Desolation)
  2 black mambas
  89 slime creatures
  A guardian serpent (shapeshifter) (Vaults:5)
  10 torpor snails
  10 demonic crawlers
  A spectral centaur (Gauntlet)
  A frost giant skeleton (Vaults:3)
  3 eyes of devastation
  2 orange demons (Depths:4)
  Maggie (D:7)
  A molten gargoyle (Desolation)
  4 rime drakes
  A gargoyle (D:12)
  An efreet (D:15)
  2 kobold demonologists
  An ice devil (Depths:4)
  A redback zombie (Gauntlet)
  15 cane toads
  A yaktaur skeleton (Vaults:3)
  2 freezing wraiths
  10 komodo dragons
  6 tengu conjurers
  44 yaktaurs
  2 tormentors
  4 red devils (D:15)
  2 meliai (Spider:4)
  3 polar bears
  8 trolls
  10 tyrant leeches
  24 tarantellas
  2 death drake zombies (Swamp:4)
  Grinder (D:3)
  4 hydra zombies (Swamp:4)
  18 hornets
  51 saltlings
  A dream sheep (shapeshifter) (Depths:2)
  9 blink frogs
  5 dream sheep (Lair:5)
  25 jumping spiders
  4 hydra skeletons (Swamp:4)
  26 spriggans
  Sigmund (D:3)
  3 air elementals
  A jumping spider (shapeshifter) (Elf:2)
  A shadow (D:10)
  11 wyverns
  A centaur simulacrum (D:15)
  3 water elementals
  30 yaks
  12 culicivoras
  7 wraiths
  A yak (shapeshifter) (D:13)
  2 fire elementals
  A ynoxinul (Depths:3)
  2 vampires
  14 golden eyes
  5 chaos spawn
  11 basilisks
  2 steam dragons
  56 redbacks
  2 elf skeletons (Vaults:3)
  A neqoxec (Depths:4)
  Menkaure (D:4)
  8 vampire mosquitoes
  8 swamp worms
  Duvessa (D:4)
  5 wargs
  4 hydra simulacra (Swamp:4)
  16 water moccasins
  An ogre skeleton (Vaults:3)
  2 hell hounds
  Pargi (D:3)
  2 floating eyes (Depths:3)
  27 orc warriors
  9 swamp drakes
  2 ice beasts
  2 sky beasts
  5 black bears
  22 wolves
  9 ogres
  12 boggarts
  8 centaurs
  A phantom (D:5)
  5 kobold brigands
  Blork the orc (D:4)
  4 earth elementals
  A necrophage (Swamp:4)
  3 gnoll sergeants
  8 bullfrogs
  7 scorpions
  3 human skeletons (Vaults:3)
  Dowan (D:4)
  20 wights
  12 killer bees
  5 electric eels
  2 howler monkeys (D:13)
  5 jellies
  15 orc priests
  A spectral boggart (Gauntlet)
  4 hounds
  2 gnoll boudas
  8 iguanas
  A sleepcap (D:8)
  Ijyb (D:5)
  16 orc wizards
  Robin (D:2)
  12 adders
  29 gnolls
  2 river rats
  2 white imps
  4 worms
  A dart slug (D:2)
  73 orcs
  10 ball pythons
  14 endoplasms
  5 giant cockroaches
  20 goblins
  7 hobgoblins
  8 quokkas
  6 bats
  6 frilled lizards
  41 kobolds
  12 rats
  A pillar of salt (Vaults:2)
2077 creatures vanquished.

Vanquished Creatures (others)
  5 deep trolls (Vaults:1)
  A deep elf archer (Elf:2)
  A wizard (Vaults:2)
  A deep elf pyromancer (Elf:2)
  3 bloated husks
  A swamp drake (Swamp:2)
  3 orcs
  A bush (D:8)
  47 foxfires
  30 fungi
  6 pillars of salt
  84 plants
  13 toadstools
196 creatures vanquished.

Grand Total: 2273 creatures vanquished

Notes
Turn   | Place    | Note
-------+----------+-------------------------------------------
     0 | D:1      | KittyFluff the Gargoyle Berserker began the quest for the
                  | Orb.
     0 | D:1      | Reached XP level 1. HP: 14/14 MP: 1/1
   163 | D:1      | Reached XP level 2. HP: 17/19 MP: 2/2
   583 | D:1      | Reached XP level 3. HP: 22/24 MP: 3/3
   735 | D:1      | Reached ** piety under Trog
   766 | D:1      | Found Kiphe's Magic Scroll Boutique.
   925 | D:1      | Reached skill level 4 in Fighting
  1037 | D:1      | Bought a scroll of teleportation for 33 gold pieces
  1037 | D:1      | Bought a scroll of identify for 22 gold pieces
  1503 | D:2      | Reached XP level 4. HP: 29/29 MP: 4/4
  1567 | D:2      | Found a faded altar of an unknown god.
  1717 | D:2      | Noticed Robin
  1736 | D:2      | Killed Robin
  1741 | D:2      | HP: 1/43 [hobgoblin[Robin] (6)]
  2645 | D:3      | Noticed Pargi
  2680 | D:3      | Killed Pargi
  2681 | D:3      | Reached skill level 1 in Stealth
  2681 | D:3      | Reached XP level 5. HP: 10/34 MP: 5/5
  2714 | D:3      | Found a bloodstained altar of Trog.
  2868 | D:3      | Reached skill level 5 in Maces & Flails
  2868 | D:3      | Reached XP level 6. HP: 8/39 MP: 6/6
  3144 | D:3      | Found a glowing drain.
  3180 | Sewer    | Entered a sewer
  3600 | D:3      | Noticed Sigmund
  3625 | D:3      | Killed Sigmund
  3625 | D:3      | Reached *** piety under Trog
  3626 | D:3      | Reached skill level 1 in Ranged Weapons
  3626 | D:3      | Reached XP level 7. HP: 18/44 MP: 7/7
  3710 | D:3      | Noticed Grinder
  3743 | D:3      | Killed Grinder
  3744 | D:3      | Reached skill level 5 in Fighting
  3993 | D:3      | Found an opulent altar of Gozag.
  4334 | D:4      | Noticed Dowan
  4337 | D:4      | Noticed Duvessa
  4450 | D:4      | Reached XP level 8. HP: 49/49 MP: 8/8
  4525 | D:4      | Noticed Pikel
  4558 | D:4      | Killed Pikel
  4567 | D:4      | Noticed Menkaure
  4689 | D:4      | Reached **** piety under Trog
  4752 | D:4      | Killed Duvessa
  4757 | D:4      | Killed Dowan
  4761 | D:4      | Killed Menkaure
  4762 | D:4      | Reached skill level 6 in Fighting
  4762 | D:4      | Reached XP level 9. HP: 25/55 MP: 1/9
  4811 | D:4      | Noticed Blork the orc
  4828 | D:4      | Killed Blork the orc
  5053 | D:5      | Entered Level 5 of the Dungeon
  5083 | D:5      | Found a blossoming altar of Fedhas.
  5636 | D:5      | Noticed Ijyb
  6221 | D:5      | Killed Ijyb
  6602 | D:6      | Found a staircase to the Ecumenical Temple.
  6813 | D:6      | Reached ***** piety under Trog
  7056 | D:6      | Reached skill level 5 in Dodging
  7330 | D:6      | Reached skill level 10 in Maces & Flails
  7543 | D:7      | Reached XP level 10. HP: 61/61 MP: 10/10
  7632 | D:7      | Noticed Maggie
  7644 | D:7      | Reached skill level 7 in Fighting
  7648 | D:7      | Killed Maggie
  8162 | D:7      | Found a basalt altar of Yredelemnul.
  8280 | D:7      | Identified the +1 robe of Vipisat {rElec Regen+ Str+2
                  | Dex+3}
  8414 | D:8      | Found a staircase to the Lair.
  8508 | D:8      | Found a shadowy altar of Dithmenos.
  8529 | D:8      | Noticed a five-headed hydra
  8547 | D:8      | Killed a five-headed hydra
  8548 | D:8      | Reached XP level 11. HP: 39/68 MP: 11/11
  9038 | D:8      | Reached skill level 5 in Armour
  9113 | D:8      | Found a hide-covered altar of Uskayaw.
  9281 | D:8      | Reached skill level 8 in Fighting
  9302 | D:8      | Found an ancient bone altar of Kikubaaqudgha.
  9543 | D:9      | Found a flagged portal.
  9568 | Bailey   | Entered a bailey
  9587 | Bailey   | Received a gift from Trog
  9676 | Bailey   | Noticed an orc knight
  9888 | Bailey   | Upgraded the game from 0.30-b1-7-gcb88a99046 to 0.30.0
 10164 | Bailey   | Killed an orc knight
 10508 | D:9      | Reached skill level 5 in Ranged Weapons
 10641 | D:9      | Found a radiant altar of Vehumet.
 10664 | D:9      | Found Zin's Purification Station.
 10666 | D:9      | Found a glowing silver altar of Zin.
 10749 | D:9      | Reached ****** piety under Trog
 10768 | D:9      | Found Seilyi's Gadget Gallery.
 10852 | D:10     | Entered Level 10 of the Dungeon
 10900 | D:10     | Found a portal to a secret trove of treasure.
 11173 | D:10     | Found a runed translucent gate.
 11173 | D:10     | Found a runed translucent gate.
 11173 | D:10     | Noticed sigtrap's ghost (journeyman GnFi)
 11174 | D:10     | Noticed a frost giant
 11175 | D:10     | Found a runed translucent gate.
 11175 | D:10     | Noticed a five-headed hydra
 11175 | D:10     | Noticed a manticore
 11234 | D:10     | Noticed a two-headed ogre
 11243 | D:10     | Killed a two-headed ogre
 11360 | D:10     | Found a sparkling altar of Nemelex Xobeh.
 11400 | D:10     | Identified a scroll of acquirement
 11473 | D:10     | Noticed a two-headed ogre
 11481 | D:10     | Killed a two-headed ogre
 11753 | Lair:1   | Entered Level 1 of the Lair of Beasts
 11923 | Lair:1   | Reached XP level 12. HP: 32/75 MP: 12/12
 11982 | Lair:1   | Reached skill level 9 in Fighting
 12417 | Lair:1   | Received a gift from Trog
 12638 | Lair:1   | Identified the +5 war axe "Enautal" {heavy, rElec rPois
                  | Str+2 Int-2}
 12868 | Lair:2   | Found a staircase to the Swamp.
 13029 | Lair:2   | Noticed Sonja
 13044 | Lair:2   | Killed Sonja
 13156 | Lair:2   | Reached skill level 10 in Fighting
 13866 | Lair:3   | Noticed Rupert
 13883 | Lair:3   | Killed Rupert
 13884 | Lair:3   | Reached skill level 1 in Throwing
 13884 | Lair:3   | Reached skill level 5 in Stealth
 13884 | Lair:3   | Reached XP level 13. HP: 50/83 MP: 13/13
 14770 | Lair:2   | Reached skill level 11 in Fighting
 14903 | Lair:3   | Found a hole to the Spider Nest.
 15145 | Lair:3   | Found a runed translucent door.
 15578 | Lair:4   | Reached skill level 15 in Maces & Flails
 15649 | Lair:4   | Found a runed translucent door.
 15900 | Lair:4   | Identified the +3 long sword "Yneuleul" {pain, Fragile
                  | rPois rC+ rN+}
 16068 | Lair:4   | Found a staircase to the Slime Pits.
 16199 | Lair:5   | Entered Level 5 of the Lair of Beasts
 16207 | Lair:5   | Reached skill level 1 in Shields
 16255 | Lair:5   | Received a gift from Trog
 16746 | Lair:5   | Gained mutation: Your large and strong wings let you fly.
                  | [Gargoyle growth]
 16746 | Lair:5   | Reached XP level 14. HP: 65/90 MP: 14/14
 17847 | Lair:5   | Reached skill level 12 in Fighting
 17920 | Lair:5   | Received a gift from Trog
 17921 | Lair:5   | Reached skill level 10 in Ranged Weapons
 19266 | D:11     | Found a staircase to the Orcish Mines.
 19350 | D:11     | Found Jazuy's Distillery.
 19359 | D:11     | Bought a potion of brilliance for 52 gold pieces
 19359 | D:11     | Bought a potion of heal wounds for 65 gold pieces
 19359 | D:11     | Bought a potion of heal wounds for 65 gold pieces
 19545 | D:11     | Reached skill level 10 in Armour
 20742 | D:13     | Found a gate leading to a gauntlet.
 20781 | Gauntlet | Entered a Gauntlet
 20781 | Gauntlet | Found a transporter.
 20781 | Gauntlet | Found a transporter.
 20781 | Gauntlet | Found a transporter.
 20785 | Gauntlet | Found a transporter.
 20786 | Gauntlet | Found a transporter.
 20798 | Gauntlet | Found a transporter.
 20854 | Gauntlet | Found a transporter.
 20876 | Gauntlet | Found a transporter.
 20882 | Gauntlet | Found a transporter.
 20890 | Gauntlet | Found a transporter.
 20910 | Gauntlet | Found a transporter.
 20916 | Gauntlet | Found a transporter.
 21369 | Gauntlet | Identified the +1 helmet "Beadd" {rC- Int+5}
 21419 | Gauntlet | Identified the ring of Vuezxiug {Will+ rCorr Str+3 Dex+2}
 22116 | D:13     | Reached skill level 5 in Shields
 22116 | D:13     | Reached XP level 15. HP: 61/97 MP: 15/15
 22120 | D:13     | Received a gift from Trog
 22669 | D:14     | Reached skill level 13 in Fighting
 23318 | D:14     | You are sucked into a shaft and drop 1 floor!
 23318 | D:15     | Entered Level 15 of the Dungeon
 23664 | D:15     | Found Cheibriados's Comfort Zone.
 23667 | D:15     | Found a snail-covered altar of Cheibriados.
 23980 | D:15     | Found Giomef's Magic Scroll Shoppe.
 24006 | D:15     | Bought a scroll of silence for 123 gold pieces
 24006 | D:15     | Bought a scroll of identify for 26 gold pieces
 24006 | D:15     | Bought a scroll of identify for 26 gold pieces
 24379 | D:14     | Found a gate to the Vaults.
 24439 | D:14     | Received a gift from Trog
 24823 | Orc:1    | Entered Level 1 of the Orcish Mines
 24823 | Orc:1    | Noticed Urug
 24949 | Orc:1    | Killed Urug
 25045 | Orc:1    | Noticed an orc warlord
 25062 | Orc:1    | Killed an orc warlord
 25063 | Orc:1    | Reached skill level 14 in Fighting
 25195 | Orc:2    | Entered Level 2 of the Orcish Mines
 25303 | Orc:2    | Found a staircase to the Elven Halls.
 25365 | Orc:1    | Received a gift from Trog
 25891 | Orc:2    | Noticed Nessos
 25896 | Orc:2    | Killed Nessos
 26201 | Orc:2    | Reached XP level 16. HP: 107/107 MP: 16/16
 26465 | Orc:2    | Received a gift from Trog
 26479 | Orc:2    | Found Poaqicawk's Assorted Antiques.
 26745 | Orc:2    | Found Urai's Weapon Shoppe.
 26990 | Orc:2    | Found Plog's General Store.
 27057 | Orc:2    | Bought a shiny plate armour for 780 gold pieces
 27057 | Orc:2    | Bought a potion of heal wounds for 150 gold pieces
 27096 | Orc:2    | Found Ilos's Weapon Shoppe.
 27377 | Swamp:1  | Entered Level 1 of the Swamp
 27559 | Swamp:1  | Noticed Josephine
 27563 | Swamp:1  | Killed Josephine
 28126 | Swamp:2  | Reached skill level 15 in Fighting
 29214 | Swamp:2  | Reached skill level 10 in Dodging
 29471 | Swamp:3  | Noticed a thorn hunter
 29530 | Swamp:3  | Received a gift from Trog
 29686 | Swamp:3  | Reached skill level 10 in Shields
 29993 | Swamp:3  | Killed a thorn hunter
 30232 | Swamp:4  | Entered Level 4 of the Swamp
 30333 | Swamp:4  | Found a runed translucent door.
 30333 | Swamp:4  | Found a shimmering altar of Xom.
 30333 | Swamp:4  | Noticed Ricegish's ghost (adept GnFi)
 30385 | Swamp:4  | Reached XP level 17. HP: 114/114 MP: 17/17
 30421 | Swamp:4  | Killed Ricegish's ghost
 30519 | Swamp:4  | Identified the +4 glaive of Guilt {heavy, rElec Stlth+}
 30662 | Swamp:4  | Identified the +8 trident of Sumodazu {speed, rElec Will+}
 30968 | Swamp:4  | Reached skill level 16 in Fighting
 31329 | Swamp:4  | Received a gift from Trog
 31727 | Swamp:4  | Found a basalt altar of Yredelemnul.
 31741 | Swamp:4  | Got a decaying rune of Zot
 31774 | Swamp:4  | Found a blossoming altar of Fedhas.
 32240 | Spider:1 | Entered Level 1 of the Spider Nest
 32717 | Spider:1 | Reached skill level 17 in Fighting
 32749 | Spider:1 | Received a gift from Trog
 32991 | Spider:1 | Noticed Frances
 33003 | Spider:1 | Killed Frances
 33438 | Spider:2 | Reached XP level 18. HP: 124/124 MP: 18/18
 33804 | Spider:2 | Received a gift from Trog
 34216 | Spider:3 | Noticed Aizul
 34233 | Spider:3 | Killed Aizul
 34860 | Spider:3 | Noticed Arachne
 34888 | Spider:3 | Killed Arachne
 34991 | Spider:3 | Reached skill level 18 in Fighting
 35099 | Spider:4 | Entered Level 4 of the Spider Nest
 35307 | Spider:4 | Gained mutation: You occasionally lose the ability to drink
                  | potions when taking damage. [mutagenic glow]
 35404 | Spider:3 | Lost mutation: You occasionally lose the ability to drink
                  | potions when taking damage. [potion of mutation]
 35404 | Spider:3 | Gained mutation: You are vulnerable to cold. (rC-) [potion
                  | of mutation]
 35404 | Spider:3 | Gained mutation: Your natural rate of healing is unusually
                  | fast. [potion of mutation]
 35404 | Spider:3 | Gained mutation: You have a pair of small horns on your
                  | head. [potion of mutation]
 35404 | Spider:3 | Gained mutation: You have supernaturally acute eyesight.
                  | (SInv) [potion of mutation]
 35596 | Spider:4 | Received a gift from Trog
 36117 | Spider:4 | Got a gossamer rune of Zot
 36513 | Vaults:1 | Entered Level 1 of the Vaults
 36697 | Vaults:1 | Reached skill level 15 in Armour
 36705 | Vaults:1 | Reached XP level 19. HP: 132/132 MP: 19/19
 36756 | Vaults:1 | Noticed Nikola
 36775 | Vaults:1 | Killed Nikola
 37332 | Vaults:1 | Received a gift from Trog
 38240 | Vaults:1 | Reached skill level 19 in Fighting
 38474 | Vaults:2 | Found a crumbling gateway.
 38509 | Desolati | Entered the Desolation of Salt
 38857 | Desolati | Received a gift from Trog
 38953 | Desolati | Identified the +6 hand axe of Desperation {heavy, rN+}
 39020 | Desolati | Identified the +4 hand axe "Bung" {drain, rPois rF++ rC-
                  | SInv}
 39023 | Desolati | Identified the +0 robe of the Blue Moon {rN+ Regen+ Int+2}
 39032 | Desolati | Identified the +9 arbalest of Sohiddel {drain, +Blink MP+9}
 39663 | Desolati | Reached skill level 15 in Shields
 39744 | Desolati | Identified the ring "Piaqedob" {rElec rF+ EV+5}
 39793 | Vaults:2 | Lost mutation: You have a pair of small horns on your head.
                  | [potion of mutation]
 39793 | Vaults:2 | Lost mutation: You have supernaturally acute eyesight.
                  | (SInv) [potion of mutation]
 39793 | Vaults:2 | Lost mutation: You are vulnerable to cold. (rC-) [potion of
                  | mutation]
 39793 | Vaults:2 | Gained mutation: You have an increased reservoir of magic.
                  | (+10% MP) [potion of mutation]
 39793 | Vaults:2 | Gained mutation: You possess an exceptional clarity of
                  | mind. [potion of mutation]
 40132 | Vaults:2 | Identified the +8 eveningstar "Tael" {heavy, Will+} (Trog
                  | gifted it to you on level 2 of the Vaults)
 40132 | Vaults:2 | Received a gift from Trog
 40289 | Vaults:2 | Reached XP level 20. HP: 139/139 MP: 22/22
 40451 | Vaults:2 | Received a gift from Trog
 40525 | Vaults:2 | Found Ferussong's Assorted Antiques.
 40837 | Vaults:2 | Identified the +0 kite shield of Deill {Contam Str+4}
 40837 | Vaults:2 | Noticed Donald
 40846 | Vaults:2 | Killed Donald
 41937 | Vaults:3 | Received a gift from Trog
 42337 | Vaults:3 | Found a staircase to the Crypt.
 42819 | Vaults:3 | Identified the ring "Jijorch" {rN+ EV+5}
 43087 | Vaults:4 | Reached skill level 20 in Fighting
 43171 | Vaults:4 | Reached XP level 21. HP: 128/146 MP: 23/23
 43508 | Vaults:4 | Received a gift from Trog
 45030 | Orc:2    | Bought 4 curare-tipped darts for 57 gold pieces
 45087 | Elf:1    | Entered Level 1 of the Elven Halls
 45393 | Elf:1    | Received a gift from Trog
 45646 | Elf:1    | Found Xuffeo Denath's Assorted Antiques.
 45657 | Elf:1    | Bought an agate-studded scale mail for 333 gold pieces
 45657 | Elf:1    | Identified the +5 scale mail of the Lotus Blossom {rF+
                  | Dex+3} (You bought it in a shop on level 1 of the Elven
                  | Halls)
 45657 | Elf:1    | Bought a wavering lead amulet for 185 gold pieces
 45657 | Elf:1    | Identified the amulet of Salvation {Regen+ Str+4 Dex+3
                  | Stlth-} (You bought it in a shop on level 1 of the Elven
                  | Halls)
 46168 | Elf:2    | Noticed Roxanne
 46174 | Elf:2    | Killed Roxanne
 46187 | Elf:2    | Received a gift from Trog
 46381 | Elf:2    | Found a runed translucent gate.
 46381 | Elf:2    | Found a runed translucent gate.
 46381 | Elf:2    | Found a runed translucent gate.
 46716 | Elf:2    | Paralysed by an air elemental for 1 turns
 46949 | Elf:2    | Received a gift from Trog
 47344 | D:15     | Bought a scroll of blinking for 97 gold pieces
 47344 | D:15     | Bought a scroll of teleportation for 39 gold pieces
 47800 | D:15     | Found a staircase to the Depths.
 47818 | Depths:1 | Entered Level 1 of the Depths
 47885 | Depths:1 | Reached XP level 22. HP: 151/153 MP: 24/24
 47916 | Depths:1 | Found a one-way gate leading to the halls of Pandemonium.
 47982 | Depths:1 | Received a gift from Trog
 48058 | Depths:1 | Found a hide-covered altar of Uskayaw.
 48363 | Depths:1 | Found Qegoj's Jewellery Shop.
 48363 | Depths:1 | Found Qeshaiw's Assorted Antiques.
 48365 | Depths:1 | Found Zatoogaz's Antique Weapon Shop.
 48367 | Depths:1 | Found Fuwkyromorph's Book Boutique.
 48546 | Depths:1 | Found a gateway to Hell.
 48829 | Depths:1 | Bought the amulet "Onio" {Drain rPois Regen+ rCorr Str+9}
                  | for 1141 gold pieces
 49628 | Depths:2 | Reached skill level 21 in Fighting
 49839 | Depths:2 | Found the +11 Singing Sword {sonic wave}
 49848 | Depths:2 | Received a gift from Trog
 49964 | Depths:2 | Noticed Vv
 49978 | Depths:2 | Killed Vv
 50357 | Depths:3 | Noticed Mara
 50482 | Depths:3 | Found a one-way gateway to a ziggurat.
 50639 | Depths:3 | Paralysed by a floating eye for 4 turns
 50649 | Depths:3 | Paralysed by a floating eye for 3 turns
 50846 | Depths:2 | Noticed KittyFluff's illusion
 50859 | Depths:2 | Killed Mara
 51248 | Depths:3 | Paralysed by a floating eye for 4 turns
 51509 | Depths:3 | Found a white marble altar of Elyvilon.
 51831 | Depths:3 | Noticed Louise
 51847 | Depths:3 | Killed Louise
 51853 | Depths:3 | Found a one-way gate to the infinite horrors of the Abyss.
 51903 | Depths:3 | You are sucked into a shaft and drop 1 floor!
 51903 | Depths:4 | Entered Level 4 of the Depths
 51905 | Depths:4 | Found Ecimank's Assorted Antiques.
 51926 | Depths:4 | Noticed a golden dragon
 51956 | Depths:3 | Paralysed by a floating eye for 2 turns
 51965 | Depths:3 | Lost mutation: You have an increased reservoir of magic.
                  | (+10% MP) [a shining eye]
 51966 | Depths:3 | Gained mutation: You are frail. (-10% HP) [a shining eye]
 52095 | Depths:3 | Reached XP level 23. HP: 144/144 MP: 23/23
 52105 | Depths:3 | Received a gift from Trog
 52355 | Depths:3 | Noticed a golden dragon
 52378 | Depths:3 | Killed a golden dragon
 52414 | Depths:3 | Noticed Grunn
 52423 | Depths:3 | Killed Grunn
 52903 | Depths:4 | Found Gomeel's Antique Weapon Shoppe.
 53153 | Depths:4 | Received a gift from Trog
 53168 | Depths:4 | Found a glowing golden altar of the Shining One.
 53170 | Depths:4 | Found a white marble altar of Elyvilon.
 53176 | Depths:4 | Found a glowing silver altar of Zin.
 53847 | Depths:4 | Reached skill level 15 in Ranged Weapons
 53949 | Depths:4 | Found Erezewna's Book Boutique.
 54020 | Depths:4 | Bought an embroidered cloak for 277 gold pieces
 54114 | Depths:4 | Found Ziurgh's Armour Boutique.
 54187 | Depths:4 | Killed a golden dragon
 54247 | Depths:4 | Found Viagoberr's Assorted Antiques.
 54260 | Depths:4 | Bought an ancient pewter ring for 210 gold pieces
 54260 | Depths:4 | Identified the ring of the Lachrymose God {Fly rPois rCorr
                  | Str-3} (You bought it in a shop on level 4 of the Depths)
 54290 | Depths:4 | Reached skill level 1 in Evocations
 54487 | Depths:4 | Found a gate to the Realm of Zot.
 54592 | Depths:4 | Upgraded the game from 0.30.0 to 0.30.0-3-ga4e48a9924
 54651 | Depths:4 | Bought the +6 plate armour of the Dropbear {+Blink rElec
                  | rC- SInv} for 1139 gold pieces
 54652 | Depths:4 | Acquired the amulet of Fabeipn {Reflect Int+3 SH+5}
 54903 | Vaults:5 | Entered Level 5 of the Vaults
 54950 | Vaults:5 | Received a gift from Trog
 54996 | Vaults:5 | Identified the +5 lajatang "Jilaq" {flame, rN+}
 55005 | Vaults:5 | Reached skill level 22 in Fighting
 55117 | Vaults:5 | Noticed a golden dragon
 55130 | Vaults:5 | Killed a golden dragon
 55267 | Vaults:5 | Reached XP level 24. HP: 139/151 MP: 23/23
 55695 | Vaults:5 | Noticed a dread lich
 55701 | Vaults:5 | Killed a dread lich
 55711 | Vaults:5 | Identified the +7 sling "Soyby" {flame, rCorr Int+2 Dex-3}
 55956 | Vaults:5 | Received a gift from Trog
 56028 | Vaults:5 | Got a silver rune of Zot
 56648 | Vaults:5 | Identified the +8 morningstar of Tenacity {venom, Int+9}
 56817 | Vaults:5 | Identified the staff of cold "Mioxzank" {rPois rC+}
 56844 | Vaults:5 | Identified the ring of Atoeshrue {rElec rN+++ Str+6 Int-5
                  | Dex+6}
 56884 | Vaults:5 | Received a gift from Trog
 57334 | Elf:3    | Entered Level 3 of the Elven Halls
 57442 | Elf:3    | Reached XP level 25. HP: 157/157 MP: 23/23
 57459 | Elf:3    | Found a bloodstained altar of Trog.
 57708 | Elf:3    | Reached skill level 23 in Fighting
 58627 | Elf:3    | Identified the +2 robe "Zour" {rPois Int-4 SInv Archmagi}
 58627 | Elf:3    | Identified the ring of Mossaic {rElec rF- AC+4 Int+7}
 58628 | Elf:3    | Identified the +2 flail "Gukualid" {drain, Str+2}
 58634 | Elf:3    | Identified the +6 rapier "Zumuanal" {freeze, rPois rF+
                  | Str+4}
 58649 | Elf:3    | Reached skill level 10 in Stealth
 58934 | Elf:3    | Identified the +3 ring mail "Reanalergh" {rF+ Will+}
 59074 | Elf:3    | Identified the +8 flail of the Trees {heavy, Str+4 Dex+3
                  | Stlth+} (Trog gifted it to you on level 3 of the Elven
                  | Halls)
 59074 | Elf:3    | Received a gift from Trog
 59095 | Elf:3    | Reached XP level 26. HP: 163/163 MP: 23/23
 59107 | Elf:3    | Identified the +1 flail "Killer Bee's Bane" {heavy, *Rage
                  | rElec rPois Int+2}
 59149 | Elf:3    | Identified the staff of cold "Hodghopu" {rC+ Str+3}
 59236 | Elf:3    | Identified the +7 chain mail "Ywniryat" {Will++ Regen+
                  | Int+2}
 59823 | Slime:1  | Entered Level 1 of the Pits of Slime
 59910 | Slime:1  | Lost mutation: You possess an exceptional clarity of mind.
                  | [a shining eye]
 59912 | Slime:1  | Gained mutation: You are weak. (Str -2) [a shining eye]
 60812 | Slime:2  | Gained mutation: You are vulnerable to heat. (rF-) [a
                  | shining eye]
 60814 | Slime:2  | Gained mutation: Your magical capacity is low. (-10% MP) [a
                  | shining eye]
 60816 | Slime:2  | Gained mutation: You occasionally lose the ability to read
                  | scrolls when taking damage. [a shining eye]
 60819 | Slime:2  | Gained mutation: You are very frail. (-20% HP) [a shining
                  | eye]
 60821 | Slime:2  | Gained mutation: You are clumsy. (Dex -2) [a shining eye]
 60822 | Slime:2  | Received a gift from Trog
 60825 | Slime:2  | Lost mutation: You are vulnerable to heat. (rF-) [potion of
                  | mutation]
 60825 | Slime:2  | Lost mutation: You are clumsy. (Dex -2) [potion of
                  | mutation]
 60825 | Slime:2  | Lost mutation: Your magical capacity is low. (-10% MP)
                  | [potion of mutation]
 60825 | Slime:2  | Gained mutation: Your flesh is cold resistant. (rC+)
                  | [potion of mutation]
 60825 | Slime:2  | Gained mutation: You are clumsy. (Dex -2) [potion of
                  | mutation]
 60826 | Slime:2  | Lost mutation: You are very frail. (-20% HP) [potion of
                  | mutation]
 60826 | Slime:2  | Lost mutation: Your flesh is cold resistant. (rC+) [potion
                  | of mutation]
 60826 | Slime:2  | Lost mutation: You are frail. (-10% HP) [potion of
                  | mutation]
 60826 | Slime:2  | Gained mutation: Your spells are a little harder to cast,
                  | but a little more powerful. [potion of mutation]
 60826 | Slime:2  | Gained mutation: You are very weak. (Str -4) [potion of
                  | mutation]
 60826 | Slime:2  | Gained mutation: A frigid envelope surrounds you and
                  | freezes all who hurt you. [potion of mutation]
 61540 | Slime:3  | Gained mutation: You occasionally lose the ability to drink
                  | potions when taking damage. [a shining eye]
 61542 | Slime:3  | Lost mutation: Your spells are a little harder to cast, but
                  | a little more powerful. [potion of mutation]
 61542 | Slime:3  | Lost mutation: You occasionally lose the ability to drink
                  | potions when taking damage. [potion of mutation]
 61542 | Slime:3  | Lost mutation: Your natural rate of healing is unusually
                  | fast. [potion of mutation]
 61542 | Slime:3  | Lost mutation: You occasionally lose the ability to read
                  | scrolls when taking damage. [potion of mutation]
 61542 | Slime:3  | Gained mutation: You are partially covered in iridescent
                  | scales. (AC +2) [potion of mutation]
 61542 | Slime:3  | Gained mutation: You have sharp toenails. [potion of
                  | mutation]
 61542 | Slime:3  | Gained mutation: Your mind is acute. (Int +4, Str/Dex -1)
                  | [potion of mutation]
 61645 | Slime:4  | Gained mutation: You are very clumsy. (Dex -4) [a shining
                  | eye]
 61917 | Slime:4  | Noticed Dissolution
 61930 | Slime:4  | Paralysed by a floating eye for 4 turns
 61934 | Slime:4  | Killed Dissolution
 62150 | Slime:5  | Entered Level 5 of the Pits of Slime
 62244 | Slime:5  | Noticed the Royal Jelly
 62302 | Slime:5  | Paralysed by a floating eye for 4 turns
 62309 | Slime:4  | Paralysed by a floating eye for 3 turns
 62310 | Slime:4  | HP: 7/183 [acid (4)]
 62310 | Slime:4  | Slain by an acid blob

Illustrated notes

Levels and vault maps discovered:
D:1:      minmay_arrival_up_and_down, layout_basic, serial_shops,
          nicolae_shop_rolled_up
D:2:      layout_basic, shapermc_ecumenical_altar_ellora,
          chequers_serial_rivers_large_a, nicolae_wormholes, uniq_robin
D:3:      cheibrodos_fertilizer, layout_loops_ring, overflow_temple_1_default,
          trog_antimagical, portal_sewer_entry_c, uniq_sigmund, uniq_grinder,
          uniq_pargi
D:4:      nicolae_cairo_tiling_large_dashed, layout_rooms, uniq_blork_the_orc,
          uniq_menkaure, uniq_duvessa, uniq_pikel
D:5:      layout_basic, overflow_temple_1_default, uniq_ijyb
D:6:      minmay_spotlight, layout_loops_corners,
          minmay_temple_entry_proselytizer
D:7:      layout_loops_ring, lemuel_crystal_altar, uniq_maggie
D:8:      layout_basic, lemuel_doored_altar, amcnicky_altar_gilded,
          marbit_many_paths, minmay_lair_entry_grove
D:9:      layout_cross, nicolae_vehumet_altar_sigil, zin_purify, enter_bailey_5,
          nicolae_shop_gadgets
D:10:     layout_loops_ring, nemelex_spade_bored_becter,
          nicolae_trove_entry_free_sample, gammafunk_ghost_split,
          nicolae_figureground_sparkle
D:11:     layout_loops_cross, orc_0_dummy, serial_shops,
          nicolae_shop_pleasant_corner_grove
D:12:     layout_irregular_city
D:13:     layout_loops_ring, gauntlet_entry_generic
D:14:     layout_roguey, hangedman_vaults_entry_quadrant_bands, serial_aquarium,
          aquarium_bridge_long_joined [aquarium_subvault_bridge,
          aquarium_subvault_balcony, aquarium_subvault_window,
          aquarium_subvault_wall, aquarium_subvault_bridge,
          aquarium_subvault_window], aquarium_window_1, aquarium_window_2,
          aquarium_window_2, aquarium_window_corner, aquarium_view_2b,
          aquarium_view_2b
D:15:     hangedman_depths_entry_try_elsewhere_first, layout_loops_cross,
          serial_shops, shop, ebering_dispersal_statue_hall, serial_ice,
          serial_ice_b, serial_ice_k, serial_ice_h, serial_ice_a,
          portal_ice_cave_entry_pillars_three, minmay_shop_chei,
          einodemon_armed_red_devil_minivault
Lair:1:   beast_lair_carwin_large_4, layout_chaotic_city, grunt_megastairs_5,
          serial_bayou_shore_a
Lair:2:   layout_hall_layers, skrybe_swamp_entry_bodies, grunt_megastairs_3,
          infiniplex_staircase_pool, uniq_sonja
Lair:3:   gammafunk_lair_enchanted_lake, layout_gridlike,
          spider_nest_entry_funnel_web, uniq_rupert
Lair:4:   layout_long_grid, slime_entry_2
Lair:5:   minmay_lair_end_enchanted_forest, layout_gridlike
Swamp:1:  layout_falls_marsh, hangedman_swamp_ruin_wall, uniq_josephine
Swamp:2:  layout_basic_swamp, nicolae_swamp_decorative_isthmus, swamp_pool5,
          nicolae_swamp_bunyip_nook
Swamp:3:  layout_basic_swamp, evilmike_swamp_ruin_house_4, swamp_pool4
Swamp:4:  byrel_swamp_growth_death_and_undeath, layout_basic_swamp,
          ebering_ghost_xom
Spider:1: layout_spider_delve, beargit_elvish_explorers, uniq_frances
Spider:2: layout_spider_delve, hangedman_spider_tarantella_strand
Spider:3: layout_cave_pods, uniq_aizul, uniq_arachne
Spider:4: hellmonk_spider_rune_bug_friends
Slime:1:  layout_caves
Slime:2:  layout_caves, nicolae_slime_barrier
Slime:3:  layout_caves
Slime:4:  layout_caves, uniq_dissolution
Slime:5
Orc:1:    layout_caves, uniq_urug
Orc:2:    hellmonk_orc_salted, layout_caves, basic_altar, uniq_nessos
Elf:1:    elf_arrival_001, layout_gridlike, serial_shops, shop,
          hangedman_elven_crosses_minicolossus, hex_tiny,
          hellmonk_bongcloud_opening, nicolae_elf_free_trip_to_the_abyss
Elf:2:    nicolae_elf_blades_splatter_lattice [grunt_blade_entry_basic],
          layout_loops_corners, uniq_roxanne
Elf:3:    nooodl_elf_gasket, layout_loops_corners, evilmike_spriggan_trog_shrine
Vaults:1: nicolae_vaults_stepped_doors, nicolae_vaults_weapon_check,
          nicolae_vaults_sesquioval_fish, nicolae_vaults_doubleplus_tesselated,
          hangedman_vaults_snaps, nicolae_vaults_windows_and_doors_thing,
          vaults_dpeg_diagonal, layout_vaults_chaotic_city, uniq_nikola
Vaults:2: portal_desolation_entry_garden, nicolae_vaults_security_offices_4,
          nicolae_vaults_network_barrier, v_misc_18, hangedman_vaults_locks,
          v_rooms_3, v_misc_32, nicolae_vaults_sealed_display, vaults_room_pool,
          nicolae_vaults_double_plus_2, ontoclasm_vaults_twist,
          vaults_room_large_hall, nicolae_vaults_tangram_1,
          nicolae_vaults_house_1, layout_vaults_maze_snakey, serial_shops,
          nicolae_diamond_shop, uniq_donald
Vaults:3: minmay_crypt_entry_skeletal_spiral, nicolae_vaults_tetromino_Z_2,
          vaults_room_corners, v_pattern_2, nicolae_vaults_variable_pillar_hall,
          nicolae_vaults_cochlea, nicolae_vaults_heist,
          nicolae_vaults_little_guard_posts, nicolae_vaults_sightless_eye,
          vaults_dpeg_encased_lava, vaults_mumra_hex, layout_vaults_omnicross
Vaults:4: nicolae_vaults_shelves_hall, nicolae_vaults_little_squares_5,
          nicolae_vaults_mini_display_case, nicolae_vaults_storage_closets_3,
          nicolae_vaults_crenellated_ambush, nicolae_vaults_shelves_hall,
          nicolae_vaults_rhombus_5, nicolae_vaults_apartment_1,
          layout_vaults_quadrants
Vaults:5
Depths:1: layout_gridlike, nicolae_uskayaw_en_pointe, hell_entry, pan_entry,
          kilobyte_mutagenic_chamber, minmay_shoptagon
Depths:2: kennysheep_green_arena, layout_honeycomb, amcnicky_mini_pool_small,
          pan_entry, hangedman_tar_grid_catacomb, uniq_vv
Depths:3: minmay_polygon_palace, layout_cave_pools, enter_ziggurat_c,
          nicolae_abyss_entry_one_way_or_another, elyvilon_altar_5, hell_entry,
          kennysheep_generic_room_16, uniq_grunn, uniq_mara
Depths:4: evilmike_zot_entry_diamond, layout_gridlike, serial_shops, shop, shop,
          nicolae_shop_hallway_plus, shop, nicolae_shop_mannequins, abyss_entry,
          grunt_pan_entry_sceptre, good_gods_mini_temple,
          grunt_hell_entry_dis_grunt, nicolae_figureground_pulse, uniq_josephina

Skill      XL: |  1  2  3  4  5  6  7  8  9 10 11 12 13 14 15 16 17 18 19 20 21 22 23 24 25 26 |
---------------+-------------------------------------------------------------------------------+-----
Fighting       | 4 5 6 7 8 10 11 12 14 15 17 18 19 20 21 22 23 | 23.5
Maces & Flails | 4 5 6 8 10 12 13 14 15 16 17 18 19 20 | 20.5
Dodging        | 2 3 4 5 6 7 8 9 10 11 12 13 14 | 14.0
Stealth        | 1 2 3 4 5 6 7 8 9 10 | 10.2
Ranged Weapons | 1 2 3 4 5 6 8 10 11 12 13 14 15 16 | 16.8
Armour         | 3 4 5 7 9 10 11 13 14 15 16 17 18 | 18.8
Throwing       | 1 2 |  2.0
Shields        | 2 5 8 10 12 14 15 16 18 19 20 21 22 | 22.3
Evocations     | 2 4 |  4.8

Action                     |  1- 3 |  4- 6 |  7- 9 | 10-12 | 13-15 | 16-18 | 19-21 | 22-24 | 25-27 || total
---------------------------+-------+-------+-------+-------+-------+-------+-------+-------+-------++-------
  Melee: Mace              |   127 |   194 |   509 |       |       |       |       |       |       ||   830
         Punch             |       |     1 |    10 |     5 |    11 |       |       |       |       ||    27
         Flail             |       |       |    46 |   625 |  1195 |   516 |       |       |       ||  2382
         Eveningstar       |       |       |       |       |       |   707 |  1053 |  1120 |   511 ||  3391
         Headbutt          |       |       |       |       |       |    38 |    72 |       |       ||   110
   Fire: Sling             |       |     6 |    43 |   132 |       |       |       |       |       ||   181
         Hand crossbow     |       |       |       |    17 |   503 |   258 |   162 |   144 |    65 ||  1149
  Throw: Dart              |       |     2 |       |     7 |     3 |       |     1 |       |       ||    13
 Invoke: Berserk           |       |     2 |     1 |     6 |     5 |     1 |       |     1 |       ||    16
         Trog's Hand       |       |       |       |       |       |       |       |       |     1 ||     1
  Evoke: Wand              |       |       |     1 |       |       |       |     3 |     4 |       ||     8
         Box of beasts     |       |       |       |       |       |       |     1 |       |       ||     1
    Use: Scroll            |     1 |       |    13 |     5 |    17 |     7 |     6 |    15 |     3 ||    67
         Potion            |       |       |     2 |     6 |     1 |     5 |     4 |     9 |     5 ||    32
   Stab: Sleeping          |       |     2 |     1 |     2 |     4 |     7 |    18 |    13 |    10 ||    57
         Distracted        |       |       |       |     1 |       |     1 |     2 |     4 |       ||     8
         Confused          |       |       |       |       |       |     2 |       |       |       ||     2
         Invisible         |       |       |       |       |       |       |       |     3 |       ||     3
 Armour: Animal skin       |    46 |    16 |       |       |       |       |       |       |       ||    62
         Leather armour    |       |    78 |       |       |       |       |       |       |       ||    78
         Troll leather arm |       |    27 |   280 |   332 |    34 |       |       |       |       ||   673
         Ring mail         |       |       |       |       |   284 |       |       |       |       ||   284
         Quicksilver drago |       |       |       |       |   259 |   682 |   405 |   166 |       ||  1512
         Shadow dragon sca |       |       |       |       |       |       |       |   316 |   254 ||   570
         Plate armour      |       |       |       |       |       |       |       |    27 |       ||    27
  Dodge: Dodged            |    72 |   175 |   331 |   529 |  1111 |  1216 |   706 |   694 |   339 ||  5173
  Block: Other             |       |       |       |       |   105 |       |       |       |       ||   105
         Buckler           |       |       |       |       |   609 |   101 |       |       |       ||   710
         Reflection        |       |       |       |       |    35 |    32 |   109 |    49 |    37 ||   262
         Kite shield       |       |       |       |       |       |  1280 |  1075 |  1079 |       ||  3434
         Tower shield      |       |       |       |       |       |       |       |    41 |   719 ||   760
